[Event "Titled Tuesday Blitz March 07 Early 2023"]
[White "Qashashvili, Alexandre"]
[Black "Sadubayev, Airat"]
[WhiteFideId "13600842"]
[BlackFideId "13713264"]
[WhiteElo "2405"]
[BlackElo "2129"]
[Result "1-0"]
[Round "05"]
[TimeControl "180+2"]
[Date "2023.03.07"]
[WhiteClock "0:01:25"]
[BlackClock "0:00:09"]

1. e4 c6 2. d4 d5 3. Nc3 dxe4 4. Nxe4 Nf6 5. Nxf6+ exf6 6. Nf3 Bd6 7. Be3 O-O 8. Bd3 Bg4 9. h3 Bh5 10. O-O Nd7 11. c3 Re8 12. Be2 Nf8 13. Nd2 Bg6 14. Bf3 Ne6 15. Re1 Bc7 16. Nb3 Qd6 17. g3 Ng5 18. Bxg5 fxg5 19. Qd2 h6 20. Rxe8+ Rxe8 21. Re1 Rxe1+ 22. Qxe1 b6 23. Nd2 Qd7 24. Bg2 Bf5 25. Kh2 h5 26. Qe3 g4 27. hxg4 Bxg4 28. Qe4 h4 29. Nc4 hxg3+ 30. fxg3 Be6 31. Ne5 Bxe5 32. Qxe5 Kh7 33. Be4+ g6 34. b3 Kg8 35. c4 Kh7 36. d5 cxd5 37. cxd5 Bg4 38. d6 Bh5 39. Qxh5+ Kg8 40. Qe5 Kh7 41. Qe7 Qg4 42. Qxf7+ Kh8 43. Qxg6 Qe2+ 44. Bg2 Qe5 45. d7 Qe7 46. Qe8+ Qxe8 47. dxe8=Q+ Kg7 48. Qe7+ Kh6 49. Qxa7 Kg5 50. Qxb6 Kh5 51. Bf3+ Kg5 52. Qc5+ Kh6 53. b4 Kg7 54. Qd6 Kf7 55. b5 Kg7 56. Qe6 Kh7 57. Qg4 Kh6 58. b6 Kh7 59. Qg5 Kh8 60. Bd5 Kh7 61. b7 Kh8 62. Qg8# 1-0


[Site "https://www.chess.com"]

[Event "Titled Tuesday Blitz March 07 Early 2023"]
[White "Mushini Ajay"]
[Black "Blokhin, Sofia"]
[WhiteFideId "35066188"]
[BlackFideId "4508190"]
[WhiteElo "2145"]
[BlackElo "1994"]
[Result "1/2-1/2"]
[Round "05"]
[TimeControl "180+2"]
[Date "2023.03.07"]
[WhiteClock "0:00:17"]
[BlackClock "0:01:29"]

1. e4 c5 2. Nf3 e6 3. d4 cxd4 4. Nxd4 a6 5. Bd3 Nf6 6. O-O Qc7 7. Qe2 Nc6 8. Nxc6 dxc6 9. e5 Nd7 10. Bf4 Bc5 11. Nd2 O-O 12. Ne4 Bd4 13. Nd6 Bxb2 14. Rab1 Ba3 15. Rb3 Bxd6 16. Bxh7+ Kxh7 17. Qh5+ Kg8 18. exd6 Qd8 19. Rh3 f5 20. Qh7+ Kf7 21. Qh5+ Kg8 22. Qh8+ Kf7 23. Qh5+ Kg8 1/2-1/2


[Site "https://www.chess.com"]

[Event "Titled Tuesday Blitz March 07 Early 2023"]
[White "Bruned, Boris"]
[Black "Mikhaylova, Irina"]
[WhiteFideId "621790"]
[BlackFideId "4109040"]
[WhiteElo "2049"]
[BlackElo "1966"]
[Result "0-1"]
[Round "05"]
[TimeControl "180+2"]
[Date "2023.03.07"]
[WhiteClock "0:00:01"]
[BlackClock "0:00:13"]

1. b3 d5 2. Bb2 Nf6 3. e3 g6 4. Bxf6 exf6 5. d4 Bd6 6. g3 h5 7. h4 Nd7 8. Bg2 c6 9. Ne2 f5 10. c4 Nf6 11. Nbc3 Be6 12. cxd5 Bxd5 13. Nxd5 cxd5 14. O-O Ne4 15. Nf4 Bxf4 16. exf4 O-O 17. Qd3 Rc8 18. Rfc1 Qb6 19. a3 a5 20. Rab1 Kg7 21. Bxe4 fxe4 22. Qe3 Rfd8 23. Rc5 Qe6 24. Rbc1 b6 25. Rxc8 Rxc8 26. Rc3 Qg4 27. Qc1 Rxc3 28. Qxc3 Qd1+ 29. Kg2 Kg8 30. a4 Kg7 31. Qe3 Qc2 0-1


[Site "https://www.chess.com"]

[Event "Titled Tuesday Blitz March 07 Early 2023"]
[White "Bove, Alessandro"]
[Black "Baruch, Liam"]
[WhiteFideId "814121"]
[BlackFideId "14322064"]
[WhiteElo "2387"]
[BlackElo "2063"]
[Result "1-0"]
[Round "05"]
[TimeControl "180+2"]
[Date "2023.03.07"]
[WhiteClock "0:01:35"]
[BlackClock "0:00:02"]

1. d4 d5 2. Nf3 Nf6 3. Bf4 e6 4. e3 Bd6 5. Bd3 c5 6. c3 Nc6 7. Bxd6 Qxd6 8. Nbd2 O-O 9. Qe2 a5 10. a4 e5 11. dxe5 Nxe5 12. Nxe5 Qxe5 13. Nf3 Qd6 14. Rd1 Qb6 15. Bb1 Bg4 16. h3 Bxf3 17. gxf3 Rad8 18. Rg1 d4 19. cxd4 cxd4 20. e4 Qb4+ 21. Qd2 Qxd2+ 22. Rxd2 Nd7 23. Rxd4 Ne5 24. Rxd8 Nxf3+ 25. Kf1 Rxd8 26. Rg3 Nd2+ 27. Ke2 Nxb1 28. Rb3 Nd2 29. Rxb7 Nxe4 30. Rb5 Ra8 31. f3 Nf6 32. Ke3 Kf8 33. Kd4 Ke7 34. Kc5 Nd7+ 35. Kc6 Kd8 36. Kb7 Rb8+ 37. Ka6 Rc8 38. Kxa5 Rc2 39. b4 Ra2 40. Rd5 Kc7 41. Kb5 Rxa4 42. Rxd7+ Kxd7 43. Kxa4 Kc7 44. Kb5 Kb7 45. Kc5 g6 46. Kd6 f5 47. Ke7 Kc6 48. Kf6 Kb5 49. Kg7 Kxb4 50. Kxh7 g5 51. Kg6 g4 52. hxg4 f4 53. Kf5 1-0


[Site "https://www.chess.com"]

[Event "Titled Tuesday Blitz March 07 Early 2023"]
[White "Iskusnyh, Sergei"]
[Black "Tarnowska, Aleksandra"]
[WhiteFideId "4120027"]
[BlackFideId "1180967"]
[WhiteElo "2492"]
[BlackElo "1776"]
[Result "1-0"]
[Round "05"]
[TimeControl "180+2"]
[Date "2023.03.07"]
[WhiteClock "0:01:09"]
[BlackClock "0:00:07"]

1. d4 d5 2. c4 e6 3. Nf3 Nf6 4. g3 Bb4+ 5. Bd2 Be7 6. Bg2 O-O 7. Qc2 c6 8. O-O Nbd7 9. a3 dxc4 10. Qxc4 Nb6 11. Qc2 Qd5 12. Nc3 Qh5 13. Rfd1 Nbd5 14. e4 Nxc3 15. bxc3 Rd8 16. a4 Nd7 17. Bf4 h6 18. a5 g5 19. Bc7 Re8 20. e5 Nf8 21. Nd2 Qg6 22. Ne4 f5 23. exf6 Bxf6 24. Nxf6+ Qxf6 25. Rab1 Ng6 26. Re1 Re7 27. Bd8 Qf7 28. Bxe7 Nxe7 29. c4 Nf5 30. Qd3 Kg7 31. d5 exd5 32. cxd5 Rb8 33. dxc6 1-0


[Site "https://www.chess.com"]

[Event "Titled Tuesday Blitz March 07 Early 2023"]
[White "Degrande, Marigje"]
[Black "Castellanos Villela, Alejandro"]
[WhiteFideId "262757"]
[BlackFideId "3446379"]
[WhiteElo "2211"]
[BlackElo "2102"]
[Result "0-1"]
[Round "05"]
[TimeControl "180+2"]
[Date "2023.03.07"]
[WhiteClock "0:00:02"]
[BlackClock "0:00:06"]

1. c4 g6 2. Nc3 Bg7 3. g3 c5 4. Bg2 Nc6 5. e4 e6 6. Nge2 Nge7 7. O-O O-O 8. d3 Rb8 9. Be3 d6 10. a4 a6 11. d4 cxd4 12. Nxd4 Qa5 13. Qd2 Rd8 14. Nb3 Qc7 15. a5 Re8 16. Rfc1 Ne5 17. Na4 Bd7 18. Bb6 Qc8 19. c5 d5 20. f4 Nc4 21. Qe2 Bb5 22. Nc3 dxe4 23. Nxb5 axb5 24. Rxc4 bxc4 25. Qxc4 f5 26. Rd1 Bxb2 27. Nd4 Nd5 28. Qb3 Bxd4+ 29. Rxd4 Qc6 30. Bf1 Re7 31. Bb5 Qc8 32. Bc4 Kg7 33. Bxd5 exd5 34. Rxd5 Qe6 35. Qc3+ Kh6 36. Rd6 Qf7 37. g4 fxg4 38. c6 bxc6 39. Be3 Qf5 40. Kg2 Rb1 41. Rf6 Qh5 42. f5+ Kg7 43. Rxg6+ Kf7 44. Qg7+ Ke8 45. Qg8+ Kd7 0-1


[Site "https://www.chess.com"]

[Event "Titled Tuesday Blitz March 07 Early 2023"]
[White "Dilmukhametov, Artur"]
[Black "Cella, Glaucio Dalla Cortt"]
[WhiteFideId "24179922"]
[BlackFideId "2119455"]
[WhiteElo "2199"]
[BlackElo "2011"]
[Result "0-1"]
[Round "05"]
[TimeControl "180+2"]
[Date "2023.03.07"]
[WhiteClock "0:00:42"]
[BlackClock "0:01:05"]

1. d4 Nf6 2. Nc3 e6 3. Bf4 c5 4. e3 d5 5. Bd3 Qb6 6. Rb1 c4 7. Be2 Be7 8. Nf3 O-O 9. O-O Bd7 10. h4 Nc6 11. Ng5 h6 12. Nh3 Nh7 13. g4 Bxh4 14. Kh1 Ne7 15. Rg1 Rac8 16. Qf1 Kh8 17. g5 hxg5 18. Nxg5 Bxg5 19. Bxg5 Nxg5 20. Rxg5 g6 21. Qh3+ Kg7 22. Kg2 f6 23. Rg3 Rh8 24. Qg4 Qc7 25. e4 e5 26. exd5 Bxg4 27. Rxg4 exd4 28. Ne4 Nxd5 29. Rg1 Nf4+ 30. Kf1 Rh6 31. b3 Nxe2 32. Kxe2 f5 0-1


[Site "https://www.chess.com"]

[Event "Titled Tuesday Blitz March 07 Early 2023"]
[White "Biriukov, Ilja"]
[Black "Berkes, Ferenc"]
[WhiteFideId "4113373"]
[BlackFideId "718572"]
[WhiteElo "2426"]
[BlackElo "2664"]
[Result "0-1"]
[Round "05"]
[TimeControl "180+2"]
[Date "2023.03.07"]
[WhiteClock "0:00:38"]
[BlackClock "0:02:08"]

1. e4 e6 2. d4 d5 3. e5 b6 4. c3 Qd7 5. f4 Ba6 6. Ne2 h5 7. g3 Nh6 8. Bg2 Nf5 9. O-O h4 10. g4 h3 11. Bh1 Nh4 12. b4 g6 13. a4 Ng2 14. b5 Bb7 15. Na3 a6 16. Ng3 Rg8 17. Qe2 axb5 18. Nxb5 c6 19. Nd6+ Bxd6 20. exd6 Ba6 21. Qf3 Bxf1 22. Qxf1 c5 23. f5 gxf5 24. gxf5 Nc6 25. fxe6 fxe6 26. Qf6 Qf7 27. Qh6 Rf8 28. d7+ Kxd7 29. Qd2 cxd4 30. Ba3 dxc3 31. Qe2 Nd4 32. Qa2 Nf3+ 33. Kf2 Nd2+ 34. Ke2 Qf3# 0-1


[Site "https://www.chess.com"]

[Event "Titled Tuesday Blitz March 07 Early 2023"]
[White "Quirke, Jeffrey"]
[Black "Gheorghiu, Calin"]
[WhiteFideId "2013029"]
[BlackFideId "1200305"]
[WhiteElo "2199"]
[BlackElo "2223"]
[Result "0-1"]
[Round "05"]
[TimeControl "180+2"]
[Date "2023.03.07"]
[WhiteClock "0:01:11"]
[BlackClock "0:02:04"]

1. e4 c5 2. Nc3 d6 3. f4 g6 4. Nf3 Bg7 5. Bb5+ Nc6 6. a4 e6 7. e5 dxe5 8. Bxc6+ bxc6 9. Nxe5 Ne7 10. O-O O-O 11. d3 Qc7 12. Nc4 Ba6 13. Bd2 Bxc4 14. dxc4 Rad8 15. Qe1 Nf5 16. Be3 Nxe3 0-1


[Site "https://www.chess.com"]

[Event "Titled Tuesday Blitz March 07 Early 2023"]
[White "Comas Fabrego, Lluis"]
[Black "Martinez, Shawn"]
[WhiteFideId "2200325"]
[BlackFideId "2039770"]
[WhiteElo "2523"]
[BlackElo "2174"]
[Result "1/2-1/2"]
[Round "05"]
[TimeControl "180+2"]
[Date "2023.03.07"]
[WhiteClock "0:00:22"]
[BlackClock "0:00:04"]

1. Nf3 d5 2. d4 Nf6 3. c4 c6 4. cxd5 cxd5 5. Nc3 Nc6 6. Bf4 Bf5 7. e3 e6 8. Bd3 Bg6 9. O-O Bd6 10. Bxd6 Qxd6 11. h3 O-O 12. Ne1 Rad8 13. Bxg6 hxg6 14. Ne2 Rfe8 15. Nd3 e5 16. Nxe5 Nxe5 17. dxe5 Qxe5 18. Qd4 Qxd4 19. Nxd4 a6 20. Rac1 Rc8 21. Rfd1 Kf8 22. Kf1 Ke7 23. Ke2 Kd6 24. Nb3 b5 25. Rxc8 Rxc8 26. Rc1 Rxc1 27. Nxc1 Kc5 28. Kd3 Ne4 29. Nb3+ Kc6 30. f3 Nc5+ 31. Nxc5 Kxc5 32. a3 a5 33. Kc3 a4 34. h4 f6 35. f4 f5 36. g3 Kc6 37. b3 axb3 38. Kxb3 Kb6 39. Kb4 Kc6 40. Kb3 Kc5 41. Kc3 Kb6 42. Kd4 Kc6 43. Kd3 Kc5 44. Kc3 Kd6 45. Kb4 Kc6 46. Kb3 1/2-1/2


[Site "https://www.chess.com"]

[Event "Titled Tuesday Blitz March 07 Early 2023"]
[White "Kuchava, Ana"]
[Black "Carrasco Miranda, Andres"]
[WhiteFideId "13605348"]
[BlackFideId "3405990"]
[WhiteElo "2001"]
[BlackElo "2183"]
[Result "1-0"]
[Round "05"]
[TimeControl "180+2"]
[Date "2023.03.07"]
[WhiteClock "0:01:12"]
[BlackClock "0:01:20"]

1. d4 Nf6 2. Nf3 g6 3. c4 Bg7 4. Nc3 d5 5. Bg5 Ne4 6. Bf4 Nxc3 7. bxc3 dxc4 8. e3 b5 9. Qb1 c6 10. a4 a6 11. axb5 O-O 12. bxc6 Nxc6 13. Bxc4 Bg4 14. Be2 Qc8 15. O-O e6 16. h3 Bh5 17. g4 Bxg4 18. hxg4 e5 19. Nxe5 Nxe5 20. Bxe5 Bxe5 21. dxe5 f6 22. Qb3+ Kg7 23. e6 Rb8 24. Qc4 Qd8 25. Rfd1 Qe8 26. Rd7+ Kh8 27. Qc7 1-0


[Site "https://www.chess.com"]

[Event "Titled Tuesday Blitz March 07 Early 2023"]
[White "Tyagi, Kushan"]
[Black "Gamage, Wanshini Vidusama"]
[WhiteFideId "2040069"]
[BlackFideId "9953752"]
[WhiteElo "2340"]
[BlackElo "2169"]
[Result "1-0"]
[Round "05"]
[TimeControl "180+2"]
[Date "2023.03.07"]
[WhiteClock "0:00:31"]
[BlackClock "0:01:46"]

1. d4 Nf6 2. c4 g6 3. Nc3 d5 4. cxd5 Nxd5 5. e4 Nxc3 6. bxc3 Bg7 7. Nf3 c5 8. Rb1 O-O 9. Be2 cxd4 10. cxd4 Qa5+ 11. Qd2 Qxd2+ 12. Bxd2 Nc6 13. d5 Ne5 14. Nxe5 Bxe5 15. Bb4 Bd6 16. O-O Rb8 17. Rfc1 f5 18. e5 Bxe5 19. Bxe7 Re8 20. d6 Bd7 21. Rc7 Bc6 22. Bc4+ Kh8 23. d7 Bxc7 24. Bf6# 1-0


[Site "https://www.chess.com"]

[Event "Titled Tuesday Blitz March 07 Early 2023"]
[White "Kiseleva, Arina"]
[Black "Sanchez, Robert"]
[WhiteFideId "4164989"]
[BlackFideId "2034360"]
[WhiteElo "1756"]
[BlackElo "2327"]
[Result "1-0"]
[Round "05"]
[TimeControl "180+2"]
[Date "2023.03.07"]
[WhiteClock "0:02:01"]
[BlackClock "0:02:03"]

1. d4 d5 2. Nf3 c6 3. c4 Nf6 4. Nbd2 Bf5 5. Nh4 Bg4 6. h3 Bh5 7. g4 Bg6 8. Nxg6 hxg6 9. Bg2 e6 10. Qb3 Qb6 11. Nf3 Ne4 12. Bf4 Bb4+ 13. Kf1 Nd7 14. c5 Qa5 15. a3 Bd2 16. Qxb7 Rd8 17. b4 1-0


[Site "https://www.chess.com"]

[Event "Titled Tuesday Blitz March 07 Early 2023"]
[White "Tsyhanchuk, Stanislav"]
[Black "Winkels, Marcel"]
[WhiteFideId "13505130"]
[BlackFideId "1003887"]
[WhiteElo "2173"]
[BlackElo "1900"]
[Result "1-0"]
[Round "05"]
[TimeControl "180+2"]
[Date "2023.03.07"]
[WhiteClock "0:00:10"]
[BlackClock "0:00:01"]

1. c4 f5 2. Nc3 Nf6 3. d4 g6 4. g3 Bg7 5. Bg2 O-O 6. e3 d6 7. Nge2 e5 8. dxe5 dxe5 9. Qb3 c6 10. O-O Na6 11. Rd1 Qe7 12. Bd2 Be6 13. Rac1 Nc5 14. Qa3 Bxc4 15. Bf1 Be6 16. Na4 Nfd7 17. Bb4 b6 18. b3 Rad8 19. Bg2 e4 20. Nd4 Bd5 21. Nxc5 bxc5 22. Bxc5 Nxc5 23. Qxc5 Qxc5 24. Rxc5 Bxd4 25. Rxd4 Ra8 26. h4 a5 27. Ra4 Rfb8 28. Rcxa5 Rxa5 29. Rxa5 Kf7 30. Bf1 Ke6 31. Ra7 h5 32. Rg7 Kf6 33. Rc7 Ra8 34. a4 Rb8 35. Bc4 Ke5 36. a5 Kd6 37. Rg7 Ra8 38. Rxg6+ Kc5 39. Bxd5 cxd5 40. a6 Kb4 41. Rb6+ Kc5 42. Rf6 d4 43. Rxf5+ Kb4 44. exd4 Rxa6 45. Rxh5 1-0


[Site "https://www.chess.com"]

[Event "Titled Tuesday Blitz March 07 Early 2023"]
[White "Johnson, Ben"]
[Black "Samaganova, Aleksandra"]
[WhiteFideId "2010917"]
[BlackFideId "13800221"]
[WhiteElo "2142"]
[BlackElo "1858"]
[Result "1-0"]
[Round "05"]
[TimeControl "180+2"]
[Date "2023.03.07"]
[WhiteClock "0:00:10"]
[BlackClock "0:00:05"]

1. Nf3 c5 2. c4 Nf6 3. Nc3 e6 4. g3 Nc6 5. Bg2 Be7 6. O-O O-O 7. d4 cxd4 8. Nxd4 d5 9. cxd5 exd5 10. h3 h6 11. Be3 a6 12. Rc1 Ne5 13. b3 Be6 14. Qc2 Rc8 15. Qb1 Ba3 16. Rc2 Qd7 17. Kh2 b5 18. Rd1 Rfd8 19. Nxe6 fxe6 20. Bd4 Bd6 21. e4 Bb8 22. exd5 exd5 23. Re2 Re8 24. Rde1 Rxc3 25. Bxc3 d4 26. Rd1 d3 27. Rxe5 Bxe5 28. Bxe5 Rxe5 29. Rxd3 Qe7 30. Bf3 h5 31. Qc2 h4 32. Qc8+ Kf7 33. Qc7 hxg3+ 34. fxg3 Kg6 35. Qc2 Kf7 36. Qc3 Re6 37. Bg2 Re5 38. g4 Ne4 39. Bxe4 Rxe4 40. Rd2 Re2+ 41. Rxe2 Qxe2+ 42. Kg3 Qe6 43. h4 Qd6+ 44. Kh3 Qe6 45. Qf3+ Ke7 46. Kg3 Qd6+ 47. Kh3 Qd2 48. h5 Qxa2 49. Qe4+ Kf7 50. Qg6+ Kf8 51. h6 Qxb3+ 52. Kh4 gxh6 53. Qxh6+ Ke7 54. Qxa6 Qe6 55. Qb7+ Kf6 56. Qxb5 Qe5 57. Qxe5+ Kxe5 58. Kg5 Ke6 59. Kg6 Ke7 60. Kg7 Ke6 61. g5 Ke7 62. g6 Ke8 63. Kh8 Kf8 64. g7+ Kf7 65. g8=Q+ Kf6 66. Qg4 1-0


[Site "https://www.chess.com"]

[Event "Titled Tuesday Blitz March 07 Early 2023"]
[White "Prieto Aranguren, Alain"]
[Black "Bongo Akanga Ndjila, Barthelemy"]
[WhiteFideId "2268906"]
[BlackFideId "10609431"]
[WhiteElo "2209"]
[BlackElo "1768"]
[Result "1-0"]
[Round "05"]
[TimeControl "180+2"]
[Date "2023.03.07"]
[WhiteClock "0:00:55"]
[BlackClock "0:00:40"]

1. e4 e6 2. d4 d5 3. exd5 exd5 4. Bd3 Nf6 5. Nf3 Bd6 6. O-O O-O 7. Bg5 c6 8. Nbd2 Bg4 9. c3 Nbd7 10. Qc2 Qc7 11. Rfe1 Rae8 12. Rxe8 Rxe8 13. Re1 Rxe1+ 14. Nxe1 Bh5 15. Ndf3 Bg6 16. Bh4 Bf4 17. Bg3 Bxg3 18. hxg3 Qd6 19. Bxg6 hxg6 20. Nd3 Qe6 21. Nde5 Ne4 22. Qa4 a6 23. Qb4 Nxe5 24. Nxe5 b5 25. Qa5 Qf6 26. f3 Nxg3 27. Qxa6 c5 28. Qc8+ Kh7 29. Qh3+ Nh5 30. g4 cxd4 31. cxd4 Qf4 32. Nxf7 Qxd4+ 33. Kh1 Qd1+ 34. Kh2 Qe2+ 35. Qg2 Qxg2+ 36. Kxg2 Nf4+ 37. Kf1 Nd3 38. b3 Nc1 39. a4 Nxb3 40. axb5 Kg8 41. Ne5 Nc5 42. Nxg6 Kf7 43. Ne5+ Ke6 44. f4 g5 45. Ng6 gxf4 46. Nxf4+ Ke5 47. Ne2 Ne4 48. b6 Kd6 49. Nd4 Ng5 50. Kf2 Nf7 51. Ke3 Nd8 52. g5 Kc5 53. g6 Kxb6 54. g7 Nf7 55. g8=Q Ne5 56. Qb8+ 1-0


[Site "https://www.chess.com"]

[Event "Titled Tuesday Blitz March 07 Early 2023"]
[White "Latreche, Khadidja"]
[Black "SicilianPanzer"]
[WhiteFideId "7901780"]
[WhiteElo "1869"]
[BlackElo "2240"]
[Result "0-1"]
[Round "05"]
[TimeControl "180+2"]
[Date "2023.03.07"]
[WhiteClock "0:01:08"]
[BlackClock "0:00:48"]

1. e4 c6 2. d4 d5 3. e5 Bf5 4. h4 a6 5. c4 dxc4 6. Bxc4 e6 7. Nc3 h5 8. Nf3 c5 9. Be3 b5 10. Be2 c4 11. a3 Ne7 12. O-O Nbc6 13. Ng5 Bg6 14. Bf3 Rc8 15. Rc1 Nf5 16. Bxc6+ Rxc6 17. d5 exd5 18. Nxd5 Bc5 19. Bf4 O-O 20. Qf3 Nd4 21. Qc3 Ne2+ 0-1


[Site "https://www.chess.com"]

[Event "Titled Tuesday Blitz March 07 Early 2023"]
[White "Burke, John F"]
[Black "Necula, Iulian"]
[WhiteFideId "2052970"]
[BlackFideId "1232380"]
[WhiteElo "2233"]
[BlackElo "1790"]
[Result "0-1"]
[Round "05"]
[TimeControl "180+2"]
[Date "2023.03.07"]
[WhiteClock "0:00:11"]
[BlackClock "0:00:35"]

1. d4 d6 2. c4 f5 3. Nc3 Nf6 4. Nf3 g6 5. g3 Bg7 6. Bg2 O-O 7. O-O Qe8 8. e3 c6 9. b3 e5 10. Ba3 e4 11. Ne1 Qd8 12. f3 exf3 13. Nxf3 Re8 14. Qd2 h6 15. Nh4 Kh7 16. h3 Be6 17. d5 cxd5 18. cxd5 Bf7 19. Rac1 Na6 20. Nb5 Bf8 21. Bb2 Bg7 22. a3 Nc5 23. Qd1 Nce4 24. Bxe4 Nxe4 25. Bxg7 Kxg7 26. Qd4+ Kh7 27. Rc7 Re7 28. Rfc1 a6 29. Rxe7 Qxe7 30. Nc3 Nxg3 31. Nf3 Rc8 32. Re1 Ne4 33. Nxe4 Qxe4 34. Qxe4 fxe4 35. Nh2 Bxd5 36. Rd1 Rc5 37. b4 Rb5 38. Ng4 Be6 39. Nf6+ Kg7 40. Nxe4 Bxh3 41. Rxd6 Re5 42. Nf2 Rxe3 43. Nxh3 Rxh3 44. Rd7+ Kf6 45. Rxb7 Rxa3 46. Rb6+ Kg5 47. Kf2 h5 48. Kg2 h4 49. Kh2 Kh5 50. Kg2 g5 51. Rb8 Kg4 52. Ra8 Ra2+ 53. Kf1 h3 54. b5 Kg3 55. bxa6 h2 56. Rh8 h1=Q+ 57. Rxh1 Ra1+ 0-1


[Site "https://www.chess.com"]

[Event "Titled Tuesday Blitz March 07 Early 2023"]
[White "Tharushi, T H D Niklesha"]
[Black "Torres Hernandez, Leslie Carolin"]
[WhiteFideId "9918264"]
[BlackFideId "8400504"]
[WhiteElo "1596"]
[BlackElo "1920"]
[Result "0-1"]
[Round "05"]
[TimeControl "180+2"]
[Date "2023.03.07"]
[WhiteClock "0:00:01"]
[BlackClock "0:01:21"]

1. d4 Nf6 2. c4 e6 3. Nc3 Bb4 4. Qc2 b6 5. g3 Bb7 6. Nf3 c5 7. a3 cxd4 8. axb4 dxc3 9. bxc3 Qc7 10. Qb3 O-O 11. Bf4 d6 12. Bg2 e5 13. Bg5 Nbd7 14. O-O Rfc8 15. Rfd1 Ne4 16. Be7 Re8 17. Bh4 h6 18. g4 g5 19. Bg3 Nxg3 20. fxg3 Nf6 21. Bh3 h5 22. Nxg5 hxg4 23. Bg2 Bxg2 24. Kxg2 Qc6+ 25. Kg1 Kg7 26. h4 gxh3 27. Nxh3 Rh8 28. Nf2 Ne4 29. Nxe4 Qxe4 30. Qb1 Rh1+ 31. Kf2 Rh2+ 32. Kf1 Qxe2+ 33. Kg1 Qg2# 0-1


[Site "https://www.chess.com"]

[Event "Titled Tuesday Blitz March 07 Early 2023"]
[White "Fedoseev, Vladimir"]
[Black "Nakamura, Hikaru"]
[WhiteFideId "24130737"]
[BlackFideId "2016192"]
[WhiteElo "2752"]
[BlackElo "2879"]
[Result "1-0"]
[Round "06"]
[TimeControl "180+2"]
[Date "2023.03.07"]
[WhiteClock "0:00:06"]
[BlackClock "0:00:02"]

1. e4 e5 2. Nf3 Nc6 3. Bb5 a6 4. Ba4 d6 5. c3 Bd7 6. O-O g6 7. d4 Bg7 8. Bg5 f6 9. Be3 Nh6 10. h3 O-O 11. dxe5 dxe5 12. Qd5+ Nf7 13. Rd1 Bc8 14. Bc5 Re8 15. Qb3 Bd7 16. Qxb7 Rb8 17. Qxa6 Ra8 18. Qb5 Rxa4 19. Qxa4 Nd4 20. Rxd4 exd4 21. Qc4 Qb8 22. cxd4 Qxb2 23. Qc3 Qe2 24. Nbd2 Qa6 25. a4 h5 26. a5 g5 27. Ne1 g4 28. hxg4 hxg4 29. Nd3 g3 30. fxg3 Bh6 31. Nf4 Ng5 32. Re1 Kg7 33. d5 Nf7 34. Bd4 Ne5 35. Nf3 Ng4 36. Qxc7 Re7 37. Ne6+ Kf7 38. Nd8+ Ke8 39. Nc6 Bxc6 40. Qxc6+ Qxc6 41. dxc6 Re6 42. a6 Rxc6 43. a7 Ra6 44. e5 f5 45. Nh4 Bd2 46. Re2 Bb4 47. Nxf5 Bc5 48. Re1 Bxa7 49. Bxa7 Rxa7 50. e6 Ra5 51. Nd6+ Ke7 52. Nc8+ Ke8 53. Nd6+ Ke7 54. Nc8+ Ke8 55. e7 Rd5 56. Kf1 Rd2 57. Re6 Nf6 58. Rxf6 1-0


[Site "https://www.chess.com"]

[Event "Titled Tuesday Blitz March 07 Early 2023"]
[White "Duda, Jan-Krzysztof"]
[Black "Bortnyk, Olexandr"]
[WhiteFideId "1170546"]
[BlackFideId "14120828"]
[WhiteElo "2790"]
[BlackElo "2734"]
[Result "0-1"]
[Round "06"]
[TimeControl "180+2"]
[Date "2023.03.07"]
[WhiteClock "0:00:01"]
[BlackClock "0:00:53"]

1. d4 d6 2. Nf3 Nf6 3. c4 g6 4. g3 Bg7 5. Bg2 O-O 6. O-O Bf5 7. Re1 Nc6 8. Nc3 Ne4 9. Nd5 e5 10. dxe5 dxe5 11. Nh4 Nd6 12. c5 Ne4 13. Ne3 Qxd1 14. Rxd1 Rfd8 15. g4 Bxg4 16. Rxd8+ Rxd8 17. Nxg4 Rd1+ 18. Bf1 Nd4 19. Kg2 Nc2 20. Rb1 f5 21. Ne3 Nxe3+ 22. fxe3 Nd2 23. Bxd2 Rxb1 24. e4 fxe4 25. Bg5 Kf7 26. Kf2 Rxb2 27. Ng2 Rxa2 28. Bd8 c6 29. Bc7 a5 30. Ne3 a4 31. Nc4 Ke6 0-1


[Site "https://www.chess.com"]

[Event "Titled Tuesday Blitz March 07 Early 2023"]
[White "Erigaisi Arjun"]
[Black "Sjugirov, Sanan"]
[WhiteFideId "35009192"]
[BlackFideId "4189302"]
[WhiteElo "2737"]
[BlackElo "2569"]
[Result "1-0"]
[Round "06"]
[TimeControl "180+2"]
[Date "2023.03.07"]
[WhiteClock "0:00:22"]
[BlackClock "0:00:01"]

1. b3 d5 2. Bb2 Bf5 3. Nf3 e6 4. c4 Nf6 5. Nh4 Bg4 6. h3 Bh5 7. g4 Bg6 8. Nxg6 hxg6 9. Bg2 c6 10. e3 Nbd7 11. Nc3 Bd6 12. Qe2 Qe7 13. O-O-O Ba3 14. d4 Bxb2+ 15. Kxb2 dxc4 16. bxc4 Qb4+ 17. Kc2 Rb8 18. Rb1 Qa5 19. Rb3 O-O 20. Rhb1 Qc7 21. g5 Ne8 22. h4 Nd6 23. h5 c5 24. d5 Ne5 25. dxe6 fxe6 26. hxg6 Nxg6 27. f4 Qf7 28. Rh1 Rfd8 29. Kb2 a6 30. a4 b5 31. axb5 axb5 32. Nxb5 Nxc4+ 33. Qxc4 Rd2+ 34. Kc1 Rxg2 35. Nd6 Rxb3 36. Nxf7 Ra3 37. Kb1 Kxf7 38. f5 Nf8 39. g6+ Kf6 40. Qh4+ Ke5 41. Qf4+ Kf6 42. fxe6+ 1-0


[Site "https://www.chess.com"]

[Event "Titled Tuesday Blitz March 07 Early 2023"]
[White "Oparin, Grigoriy"]
[Black "Naroditsky, Daniel"]
[WhiteFideId "24125890"]
[BlackFideId "2026961"]
[WhiteElo "2641"]
[BlackElo "2633"]
[Result "1/2-1/2"]
[Round "06"]
[TimeControl "180+2"]
[Date "2023.03.07"]
[WhiteClock "0:01:25"]
[BlackClock "0:01:02"]

1. e4 c5 2. Nf3 d6 3. d4 cxd4 4. Nxd4 Nf6 5. Nc3 a6 6. a4 e5 7. Nf3 Be7 8. Bg5 Be6 9. Bxf6 Bxf6 10. Nd5 Nd7 11. Bc4 Rc8 12. Ba2 O-O 13. O-O Bg5 14. c3 Bh6 15. Qe2 Kh8 16. Rfd1 Qe8 17. Ne3 Bxa2 18. Rxa2 Bxe3 19. Qxe3 Qe6 20. Raa1 h6 21. Nh4 Nf6 22. Nf5 d5 23. Ng3 Rfd8 24. h3 Rd7 25. Rd2 Rcd8 26. Rad1 1/2-1/2


[Site "https://www.chess.com"]

[Event "Titled Tuesday Blitz March 07 Early 2023"]
[White "Talibov, Shiroghlan"]
[Black "Nihal Sarin"]
[WhiteFideId "13429078"]
[BlackFideId "25092340"]
[WhiteElo "2218"]
[BlackElo "2689"]
[Result "0-1"]
[Round "06"]
[TimeControl "180+2"]
[Date "2023.03.07"]
[WhiteClock "0:00:03"]
[BlackClock "0:00:13"]

1. e4 c5 2. Nf3 Nc6 3. d4 cxd4 4. Nxd4 e6 5. Nc3 a6 6. f4 Nge7 7. Be3 b5 8. a3 Bb7 9. Be2 Nxd4 10. Qxd4 Nc6 11. Qd2 Be7 12. O-O O-O 13. Bf3 d6 14. Kh1 Rc8 15. Qf2 Bh4 16. g3 Bf6 17. Rad1 Bxc3 18. bxc3 Qe7 19. e5 Na5 20. exd6 Qd7 21. Bxb7 Nxb7 22. f5 Nxd6 23. f6 Qc6+ 24. Kg1 Ne4 25. Qe2 Nxf6 26. Bd4 Nd5 27. Rde1 Rce8 28. Qd3 f6 29. c4 Qxc4 30. Qd2 e5 31. Bb2 Rc8 32. Rf2 Rfd8 33. Rd1 h6 34. h4 Rd7 35. Qe1 Rcd8 36. Kh1 Qc6 37. Kh2 Ne3 38. Rxd7 Ng4+ 39. Kg1 Rxd7 40. Re2 Qf3 41. Rh2 Nxh2 0-1


[Site "https://www.chess.com"]